 Dungeon Crawl Stone Soup version 0.31-a0-1570-g93c622d222 (webtiles) character file.

Game seed: 8509387534785501686

254 innerfire43 the Chopper (level 5, -1/38 HPs)
             Began as a Demonspawn Wanderer on Jan 3, 2024.
             Slain by Grinder (2 damage)
             ... on level 4 of the Dungeon.
             The game lasted 00:04:02 (2884 turns).

innerfire43 the Chopper (Demonspawn Wanderer)       Turns: 2884, Time: 00:04:02

Health: -1/38      AC: 12    Str: 12 (13) XL:     5   Next: 90%
Magic:  10/10      EV: 10    Int: 12 (14) God:
Gold:   139        SH:  0    Dex: 11 (12) Spells: 9/10 levels left

rFire   . . .        a - +2 hand axe
rCold   + . .        (no shield)
rNeg    . . .        l - +0 ring mail {rC+}
rPois   .            (no helmet)
rElec   .            (no cloak)
rCorr   .            t - +0 pair of gloves
SInv    .            (no boots)
Will    .....        (no amulet)
Stlth   +            (no ring)
HPRegen 0.26/turn    (no ring)
MPRegen 0.12/turn

%: no passive effects
@: sanguine armoured
A: hooves 1, foul stench 2, sanguine armour 1
a: no special abilities


You were on level 4 of the Dungeon.
You visited 1 branch of the dungeon, and saw 4 of its levels.

You collected 139 gold pieces.

Inventory:

Hand Weapons
 a - a +2 hand axe (weapon)
Armour
 b - a +0 ring mail
 l - a +0 ring mail of cold resistance (worn)
 t - a +0 pair of gloves (worn)
Scrolls
 d - a scroll of revelation {unknown}
 e - a scroll of blinking {unknown}
 f - a scroll of vulnerability {unknown}
 g - 2 scrolls of teleportation {unknown}
 i - a scroll of amnesia {unknown}
 j - 2 scrolls of enchant armour {unknown}
 k - 2 scrolls of noise {unknown}
 m - 2 scrolls of torment {unknown}
 n - 3 scrolls of immolation {unknown}
 o - a scroll of poison {unknown}
 p - a scroll of fear {unknown}
 u - 2 scrolls of identify {unknown}
Potions
 c - a potion of haste
 h - 2 potions of degeneration
 q - a potion of brilliance {unknown}
 r - a potion of cancellation {unknown}
 s - a potion of mutation {unknown}
 v - a potion of heal wounds {unknown}
 w - a potion of attraction {unknown}


   Skills:
 + Level 2.0 Fighting
 * Level 4.0 Axes
 - Level 2.6 Armour
 * Level 3.3 Spellcasting
 * Level 3.2 Air Magic


You had 9 spell levels left.
You knew the following spells:

 Your Spells              Type           Power      Damage    Failure   Level
a - Shock                 Conj/Air       20%        1d4       26%         1

Your spell library contained the following spells:

 Spells                   Type           Power      Damage    Failure   Level
 Swiftness                Air            9%         N/A       38%         3


Dungeon Overview and Level Annotations

Branches:
Dungeon (4/15)
 Temple: D:4-7

Altars:
Sif Muna
Yredelemnul

Shops:
D:2 *

Annotations:
D:4 Grinder


Innate Abilities, Weirdness & Mutations

You have large cloven feet.
You sometimes emit foul miasma when damaged in melee.
When seriously injured, your blood forms armour. (AC +6)


Message History

* * * LOW HITPOINT WARNING * * *
Unknown command.
You hit Grinder.
Grinder is severely wounded.
Grinder says, "I used to sell toenails on the black market."
Grinder closely misses you.
You hit Grinder but do no damage. You kick Grinder.
Grinder is severely wounded.
Grinder blinks!
Unknown command.
Unknown command.
Grinder hits you but does no damage.
You hit Grinder. Your kick misses Grinder.
Grinder is severely wounded.
Grinder hits you but does no damage.
You closely miss Grinder.
Grinder is severely wounded.
Grinder gestures at you.
You suddenly lose the ability to move!
Grinder barely misses you. Grinder hits you but does no damage.
You can move again.
It was a potion of degeneration.
There was something very wrong with that liquid.
You feel weakened.
You feel dopey.
You feel clumsy. Grinder hits you but does no damage.
You barely miss Grinder. Your kick misses Grinder.
Grinder is severely wounded.
Grinder completely misses you. Grinder hits you but does no damage.
You hit Grinder but do no damage. Your kick misses Grinder.
Grinder is severely wounded.
Grinder gestures at you. Pain shoots through your body!
* * * LOW HITPOINT WARNING * * *
Unknown command.
You hit Grinder. You kick Grinder, but do no damage. Your punch misses Grinder.
Grinder is severely wounded.
Grinder hits you.
You die...
Grinder says, "Hey, I wasn't done torturing you yet!"

##...##
#.#.#.###########
##...#..........
#####.##.#######..
......##.# #.#
.........# #.#
####..##.# ##.##
####.....#
####.5.####.#
.>..#.##.#
#....@.......
......##.#
#.##...##.###
###.####.###.###.##
##.............#.#
##..###......#.#.#
##..# #..#####.#..
....# #..# ....
###.# #..# ##### #
#.# #..#


You could see Grinder.

Vanquished Creatures
  2 bombardier beetles (D:3)
  An orc priest (D:4)
  3 gnolls (D:3)
  7 adders
  A dart slug (D:1)
  A ribbon worm (D:2)
  4 orcs (D:4)
  5 ball pythons
  2 bats
  4 endoplasms
  2 giant cockroaches
  6 goblins
  6 hobgoblins
  4 jackals (D:2)
  8 kobolds
  2 quokkas
  4 frilled lizards
  3 rats
65 creatures vanquished.

Notes
Turn   | Place    | Note
-------+----------+-------------------------------------------
     0 | D:1      | innerfire43 the Demonspawn Wanderer began the quest for the
                  | Orb.
     0 | D:1      | innerfire43 set off with the following items: a +2 hand
                  | axe, a +0 ring mail, a potion of haste; and the following
                  | spell memorised: Shock; and the following spells available
                  | to memorise: Swiftness.
     0 | D:1      | Reached XP level 1. HP: 13/13 MP: 3/3
     2 | D:1      | Noticed a vine stalker
     2 | D:1      | Noticed an armataur
     4 | D:1      | Noticed an octopode
     6 | D:1      | Noticed a minotaur
     6 | D:1      | Noticed a gargoyle
     8 | D:1      | Noticed a demonspawn
     8 | D:1      | Noticed a tengu
    10 | D:1      | Noticed a demigod
    12 | D:1      | Noticed a formicid
    14 | D:1      | Noticed a vampire
    14 | D:1      | Noticed a draconian
    16 | D:1      | Noticed a felid
    16 | D:1      | Noticed a human
    18 | D:1      | Noticed a merfolk
    18 | D:1      | Noticed a naga
    20 | D:1      | Noticed a spriggan
    22 | D:1      | Noticed a ghoul
    22 | D:1      | Noticed an ogre
    24 | D:1      | Noticed a human
    24 | D:1      | Noticed a troll
    26 | D:1      | Noticed an elf
   357 | D:1      | Gained mutation: You have large cloven feet. [demonic
                  | ancestry]
   357 | D:1      | Reached XP level 2. HP: 20/20 MP: 0/5
   525 | D:1      | Reached skill level 3 in Axes
   660 | D:1      | Found a faded altar of an unknown god.
  1111 | D:2      | Reached skill level 1 in Fighting
  1117 | D:2      | Gained mutation: When seriously injured, your blood forms
                  | armour. (AC +6) [demonic ancestry]
  1117 | D:2      | Reached XP level 3. HP: 13/26 MP: 1/6
  1440 | D:2      | Gained mutation: You may rarely emit foul miasma when
                  | damaged in melee. [demonic ancestry]
  1440 | D:2      | Reached XP level 4. HP: 27/32 MP: 7/7
  1621 | D:2      | Found Puobryiz's General Store.
  1662 | D:2      | Found a basalt altar of Yredelemnul.
  2015 | D:3      | Gained mutation: You sometimes emit foul miasma when
                  | damaged in melee. [demonic ancestry]
  2015 | D:3      | Reached XP level 5. HP: 8/38 MP: 9/9
  2487 | D:3      | Found a shimmering blue altar of Sif Muna.
  2590 | D:4      | Reached skill level 4 in Axes
  2851 | D:4      | Noticed Grinder
  2858 | D:4      | Paralysed by Grinder for 5 turns
  2878 | D:4      | Paralysed by Grinder for 3 turns
  2883 | D:4      | HP: 1/38 [Grinder/nerve-wracking pain (8)]
  2884 | D:4      | Slain by Grinder

Illustrated notes

Levels and vault maps discovered:
D:1:      kb_arrival_jail, layout_loops_ring, shapermc_ecumenical_altar_petra
D:2:      kennysheep_six_static_rooms, layout_basic, basic_altar, serial_shops,
          shop, minivault_27
D:3:      layout_rooms, hellmonk_sif_muna_bookshelves,
          minmay_goblin_kobold_house
D:4:      layout_loops_ring, nicolae_nh_ransacked_shop, uniq_grinder

Skill      XL: |  1  2  3  4  5 |
---------------+----------------+-----
Air Magic      | 2 3 |  3.2
Axes           | 3 4 |  4.0
Fighting       | 1 2 |  2.0
Spellcasting   | 3 |  3.3
Armour         | |  2.6

Action                     |  1- 3 |  4- 6 || total
---------------------------+-------+-------++-------
  Melee: Hand axe          |    56 |   110 ||   166
         Kick              |     8 |    31 ||    39
         Punch             |       |     1 ||     1
   Cast: Shock             |    16 |       ||    16
    Use: Potion            |       |     1 ||     1
 Armour: Ring mail         |    39 |    66 ||   105
  Dodge: Dodged            |    39 |    54 ||    93

Table legend: (Time is in decaauts)
 A = Elapsed time spent in this place.
 B = Non-inter-level travel time spent in this place.
 C = Inter-level travel time spent in this place.
 D = Time resting spent in this place.
 E = Time spent auto-exploring this place.
 F = Levels seen in this place.
 G = Mean time per level.
                   A        B        C        D        E       F      G
               +--------+--------+--------+--------+--------+-----+--------+
         Total |   2904 |   2904 |      0 |      0 |   2361 |   4 |  726.0 |
       Dungeon |   2904 |   2904 |      0 |      0 |   2361 |   4 |  726.0 |
               +--------+--------+--------+--------+--------+-----+--------+

Top non-repeatable levels by time:
     D:1: 966 daAuts
     D:2: 855 daAuts
     D:3: 727 daAuts
     D:4: 354 daAuts
